 Dungeon Crawl Stone Soup version 0.28.0-47-ge53b351184 (webtiles) character file.

Game seed: 5710165168785447981

162 pkoi the Ruffian (level 4, -8/36 HPs)
             Began as a Demigod Gladiator on May 3, 2022.
             Mangled by a gnoll
             ... wielding a +1 flail of protection
              (10 damage)
             ... on level 6 of the Dungeon.
             The game lasted 00:04:17 (3732 turns).

pkoi the Ruffian (Demigod Gladiator)                Turns: 3732, Time: 00:04:17

Health: -8/36      AC: 11    Str: 19    XL:     4   Next: 99%
Magic:  6/6        EV:  6    Int: 10    God:
Gold:   147        SH:  0    Dex: 15    Spells: 3/3 levels left

rFire   . . .      SeeInvis .     - Unarmed
rCold   . . .      Faith    .   (no shield)
rNeg    . . .      Spirit   .   l - +0 plate armour
rPois   .          Reflect  .   b - +0 helmet
rElec   .          Harm     .   (no cloak)
rCorr   .          Rampage  .   (no gloves)
Will    .....                   (no boots)
Stlth   ..........              (no amulet)
HPRegen 0.12/turn               (no ring)
MPRegen 0.10/turn               (no ring)

@: no status effects
A: high MP 1, forlorn, divine attributes
a: no special abilities


You were on level 6 of the Dungeon.
You visited 1 branch of the dungeon, and saw 5 of its levels.

You collected 147 gold pieces.

Inventory:

Hand Weapons
 e - a +0 dagger
 f - a +0 hunting sling
 h - a +0 hunting sling
Missiles
 c - 3 throwing nets
 d - 3 boomerangs (quivered)
 j - 24 sling bullets
Armour
 a - a +0 leather armour
 b - a +0 helmet (worn)
 k - a +0 chain mail
 l - a +0 plate armour (worn)
Scrolls
 i - a scroll of teleportation {unknown}


   Skills:
 - Level 1.7 Fighting
 - Level 2.0 Throwing
 + Level 1.7 Armour
 - Level 2.6 Dodging
 * Level 4.9 Unarmed Combat


You had 3 spell levels left.
You didn't know any spells.
Your spell library was empty.

Dungeon Overview and Level Annotations

Branches:
Dungeon (6/15)
 Temple: D:4-7

Shops:
D:1 [


Innate Abilities, Weirdness & Mutations

You have an increased reservoir of magic. (+10% MP)
You shall have no god before yourself.
Your divine heritage dramatically boosts your attributes as you level up.


Message History

The gnoll shaman is heavily wounded.
The gnoll shaman hits you with a +0 club!
* * * LOW HITPOINT WARNING * * *
You closely miss the gnoll shaman.
The gnoll shaman is heavily wounded.
The gnoll shaman hits you but does no damage.
You hit the gnoll shaman but do no damage.
The gnoll shaman is heavily wounded.
The gnoll shaman hits you but does no damage.
You closely miss the gnoll shaman.
The gnoll shaman is heavily wounded.
The gnoll shaman barely misses you.
You completely miss the gnoll shaman.
The gnoll shaman is heavily wounded.
The gnoll shaman calls upon its god to speed up the gnoll.
The gnoll seems to speed up.
You barely miss the gnoll shaman.
The gnoll shaman is heavily wounded.
The gnoll shaman closely misses you.
You hit the gnoll shaman.
The gnoll shaman is heavily wounded.
The gnoll shaman hits you with a +0 club.
* * * LOW HITPOINT WARNING * * *
You punch the gnoll shaman!
The gnoll shaman is almost dead.
The gnoll shaman mumbles some strange prayers to its god.
The gnoll shaman is healed somewhat.
You hit the gnoll shaman but do no damage.
The gnoll shaman is severely wounded.
You punch the gnoll shaman!
You kill the gnoll shaman!
The gnoll closely misses you. The gnoll closely misses you.
The gnoll hits you with a +1 flail of protection.
* * * LOW HITPOINT WARNING * * *
You aren't carrying any potions.
As you read the scroll labelled ENOF MEDDOKK, it crumbles to dust.
The scroll dissolves into smoke.
It was a scroll of fog.
The gnoll hits you with a +1 flail of protection!
You die...

#...........#.# #.#
.....#........#####.##
.....................#
..........##.....##.##
.......##.####.#.....#
g......##......(....##
........######.§§§#.##
....###..##g...#g##..#######
....#
##.)..####@g...#.....##
....#
########§§§..........##
....# #§§§§§..........#
##### #.<....(...>....#
#)..............#
#...............#
#.....[.........#
##.............##
##.....#.....##


You could see 2 gnolls.

Vanquished Creatures
  A bullfrog zombie (D:6)
  A gnoll shaman (D:6)
  An iguana (D:6)
  Robin (D:2)
  A gnoll (D:6)
  A white imp (D:6)
  A worm (D:2)
  2 endoplasms (D:1)
  3 giant cockroaches
  8 goblins
  6 hobgoblins
  4 quokkas
  3 ball pythons (D:1)
  2 bats
  3 frilled lizards
  8 rats
46 creatures vanquished.

Notes
Turn   | Place    | Note
-------+----------+-------------------------------------------
     0 | D:1      | pkoi the Demigod Gladiator began the quest for the Orb.
     0 | D:1      | Reached XP level 1. HP: 17/17 MP: 3/3
   332 | D:1      | Found Busuxas's Antique Armour Shoppe.
   424 | D:1      | Reached skill level 3 in Unarmed Combat
   629 | D:1      | Reached XP level 2. HP: 24/24 MP: 4/4
  1705 | D:2      | Reached XP level 3. HP: 29/29 MP: 5/5
  1816 | D:2      | Noticed Robin
  2277 | D:2      | Reached skill level 4 in Unarmed Combat
  2300 | D:2      | Killed Robin
  2749 | D:3      | You fall into a shaft and drop 3 floors!
  3024 | D:5      | Entered Level 5 of the Dungeon
  3040 | D:6      | Reached skill level 1 in Armour
  3456 | D:6      | Reached XP level 4. HP: 14/36 MP: 6/6
  3732 | D:6      | Mangled by a gnoll

Illustrated notes

Levels and vault maps discovered:
D:1:      wheals_arrival_linesprint, layout_basic, serial_shops, shop
D:2:      layout_basic, uniq_robin
D:3:      layout_rooms
D:5:      layout_basic
D:6:      layout_rooms, minmay_temple_entry_trees, serial_shops,
          nicolae_shop_stone, minmay_circle_x

Skill      XL: |  1  2  3 |
---------------+----------+-----
Unarmed Combat | 3 4 |  4.9
Throwing       | 2 |  2.0
Armour         | 1 |  1.7
Fighting       | |  1.7
Dodging        | |  2.6

Action                   |  1- 3 |  4- 6 || total
-------------------------+-------+-------++-------
Melee: Dagger            |   133 |       ||   133
       Unarmed           |    34 |    31 ||    65
       Punch             |     6 |     1 ||     7
 Fire: Hunting sling     |     9 |     4 ||    13
Throw: Boomerang         |    38 |       ||    38
  Use: Scroll            |       |     1 ||     1
 Stab: Sleeping          |     1 |       ||     1
Armor: Leather armour    |     9 |       ||     9
       Chain mail        |    31 |       ||    31
       Plate armour      |     5 |    15 ||    20
Dodge: Dodged            |    90 |     9 ||    99
